 Dungeon Crawl Stone Soup version 0.30-b1-2-g02819fbbbe (webtiles) character file.

Game seed: 3635134028146487478

2538 Hedron the Cleaver (level 9, -3/106 HPs)
             Began as a Gnoll Reaver on Oct 30, 2023.
             Was a Believer of Okawaru.
             Slain by a komodo dragon (16 damage)
             ... on level 8 of the Dungeon.
             The game lasted 00:21:22 (6558 turns).

Hedron the Cleaver (Gnoll Reaver)                   Turns: 6558, Time: 00:21:22

Health: -3/106     AC: 24    Str: 15    XL:     9   Next: 55%
Magic:  28/28      EV:  2    Int: 14    God:    Okawaru [**....]
Gold:   416        SH:  9    Dex: 10    Spells: 20/21 levels left

rFire   . . .        a - +0 war axe (flame)
rCold   + . .        m - +3 buckler of Selib {rElec}
rNeg    . . .        w - melded +0 plate armour
rPois   +            (helmet currently unavailable)
rElec   +            k - melded +2 cloak
rCorr   .            o - melded +1 pair of gloves
SInv    .            (boots currently unavailable)
Will    .....        n - amulet of regeneration
Stlth   ++++         c - ring of protection from cold
HPRegen 1.17/turn    x - ring of magical power
MPRegen 0.21/turn

%: no passive effects
@: tree-form, heroic
A: stationary, stasis, torment immunity, boosted hp, (fangs 1), strong nose,
distributed training
a: Renounce Religion, Heroism


You were on level 8 of the Dungeon.
You worshipped Okawaru.
Okawaru was pleased with you.
You were a tree.
You visited 2 branches of the dungeon, and saw 9 of its levels.

You collected 416 gold pieces.

Inventory:

Hand Weapons
 a - a +0 war axe of flaming (weapon)
 b - a +0 sling of freezing
Missiles
 j - 16 poisoned darts
 u - 5 boomerangs
Armour
 g - a +0 ring mail
 k - a +2 cloak (melded)
 m - the +3 buckler of Selib (worn) {rElec}
   (You took it off a hobgoblin on level 3 of the Dungeon)

   rElec:     It insulates you from electricity.
 o - a +1 pair of gloves (melded)
 p - a +0 leather armour
 q - a +0 chain mail
 r - a +2 leather armour of fire resistance
 w - a +0 plate armour (melded)
Jewellery
 c - a ring of protection from cold (left branch)
 n - an amulet of regeneration (around neck)
 x - a ring of magical power (right branch)
Wands
 l - a wand of mindburst (11)
Scrolls
 i - a scroll of teleportation
 s - 2 scrolls of magic mapping
 t - a scroll of blinking
 v - a scroll of poison
 y - a scroll of butterflies
Potions
 d - 2 potions of flight
 e - a potion of magic
 f - 3 potions of curing


   Skills:
 + Level 6.5(11.5) Fighting
 + Level 4.5(9.5) Short Blades
 + Level 4.5(9.5) Long Blades
 + Level 8.0(13.0) Axes
 + Level 4.5(9.5) Maces & Flails
 + Level 4.5(9.5) Polearms
 + Level 4.5(9.5) Staves
 + Level 4.5(9.5) Ranged Weapons
 + Level 4.5(9.5) Throwing
 + Level 4.5(9.5) Armour
 + Level 6.5(11.5) Dodging
 + Level 4.5(9.5) Stealth
 + Level 4.5(9.5) Shields
 + Level 4.5(9.5) Unarmed Combat
 + Level 6.8 Spellcasting
 + Level 6.7 Conjurations
 + Level 3.7 Hexes
 + Level 3.7 Summonings
 + Level 3.7 Necromancy
 + Level 3.7 Translocations
 + Level 3.7 Transmutations
 + Level 3.7 Fire Magic
 + Level 3.7 Ice Magic
 + Level 3.7 Air Magic
 + Level 3.7 Earth Magic
 + Level 3.7 Poison Magic
 + Level 5.0 Invocations
 + Level 4.5 Evocations


You had 20 spell levels left.
You knew the following spells:

 Your Spells              Type           Power      Damage    Failure   Level
a - Kiss of Death         Conj/Necr      76%        2d11      1%          1

Your spell library contained the following spells:

 Spells                   Type           Power      Damage    Failure   Level
 Momentum Strike          Conj/Tloc      38%        3d9       3%          2
 Hailstorm                Conj/Ice       19%        3d6       6%          3


Dungeon Overview and Level Annotations

Branches:
Dungeon (8/15)             Temple (1/1) D:5
   Lair: D:8-11

Altars:
Ashenzari
Cheibriados
Dithmenos
Elyvilon
Fedhas
Gozag
Kikubaaqudgha
Makhleb
Nemelex Xobeh
Okawaru
Qazlal
Ru
Sif Muna
Trog
Uskayaw
Vehumet
Xom
Yredelemnul
Zin
The Shining One

Annotations:
D:6 Sigmund


Innate Abilities, Weirdness & Mutations

You are a tree.
Your roots penetrate the ground, keeping you stationary.
You cannot be teleported.
You are immune to unholy pain and torment.
Your maximum health is greatly increased.
Your equipment is partially melded.
((You have very sharp teeth.))
Your uncanny sense of smell can sniff out nearby items.
Your experience applies equally to all skills.


Message History

You block the komodo dragon's attack.
You hit the komodo dragon. You burn the komodo dragon.
The komodo dragon is moderately wounded.
You block the komodo dragon's attack.
You hit the komodo dragon. You burn the komodo dragon.
The komodo dragon is heavily wounded.
The komodo dragon bites you.
You closely miss the komodo dragon.
The komodo dragon is heavily wounded.
The komodo dragon bites you.
You hit the komodo dragon. You burn the komodo dragon.
The komodo dragon is heavily wounded.
The komodo dragon bites you!
You slice the komodo dragon!! You burn the komodo dragon.
You kill the komodo dragon!
Okawaru accepts your kill.
An orc priest comes into view. It is wielding a +0 short sword.
Your Invocations skill increases to level 5!
You barely miss the orc. You hit the orc but do no damage.
The orc hits you with a +0 war axe.
You hit the orc but do no damage.
The orc priest mumbles some strange prayers to Beogh against you.
Beogh smites you!
Okay, then.
As you read the scroll of torment, it crumbles to dust.
You feel a surge of unholy energy.
The komodo dragon convulses!
The orc convulses!
The orc wizard convulses!
The orc convulses!
The orc priest convulses!
The komodo dragon bites you!
* * * LOW HITPOINT WARNING * * *
You slash the komodo dragon! You burn the komodo dragon.
The komodo dragon is severely wounded.
The orc priest calls upon Beogh to heal something.
The komodo dragon bites you!!
* * * LOW HITPOINT WARNING * * *
You hit the komodo dragon but do no damage.
The komodo dragon is severely wounded.
You hit the komodo dragon but do no damage.
The komodo dragon is severely wounded.
The komodo dragon bites you!
You die...

#####
#ol♣#
#o###
.o?
..###
...
.. .


You could see a komodo dragon, an orc priest, an orc wizard and an orc.

Vanquished Creatures
  A komodo dragon (D:8)
  A steam dragon (D:6)
  Edmund (D:6)
  2 orc warriors (D:7)
  2 black bears
  An ice beast (D:7)
  An ogre (D:4)
  A phantom (D:4)
  A kobold brigand (D:7)
  2 bullfrogs (D:7)
  2 scorpions (D:5)
  A howler monkey (D:7)
  5 orc priests
  2 jellies (D:4)
  Crazy Yiuf (D:4)
  8 hounds
  A gnoll bouda (D:7)
  A sleepcap (D:5)
  Jessica (D:2)
  4 iguanas
  7 orc wizards
  6 adders
  2 gnolls
  2 white imps
  3 ufetubi
  2 worms
  A dart slug (D:1)
  18 orcs
  8 bats
  12 endoplasms
  3 giant cockroaches
  2 goblins
  9 hobgoblins
  7 jackals
  8 quokkas
  6 ball pythons
  4 frilled lizards
  16 kobolds
  4 rats
159 creatures vanquished.

Vanquished Creatures (others)
  14 fungi (D:8)
  16 plants (D:8)
30 creatures vanquished.

Grand Total: 189 creatures vanquished

Notes
Turn   | Place    | Note
-------+----------+-------------------------------------------
     0 | D:1      | Hedron the Gnoll Reaver began the quest for the Orb.
     0 | D:1      | Reached XP level 1. HP: 20/20 MP: 6/6
   239 | D:1      | Reached XP level 2. HP: 25/26 MP: 7/7
   732 | D:2      | Reached skill level 5 in Spellcasting
   732 | D:2      | Reached XP level 3. HP: 31/31 MP: 7/9
  1069 | D:2      | Reached skill level 1 in Invocations
  1113 | D:2      | Reached skill level 1 in Short Blades
  1113 | D:2      | Reached skill level 1 in Long Blades
  1113 | D:2      | Reached skill level 1 in Maces & Flails
  1113 | D:2      | Reached skill level 1 in Polearms
  1113 | D:2      | Reached skill level 1 in Staves
  1113 | D:2      | Reached skill level 1 in Ranged Weapons
  1113 | D:2      | Reached skill level 1 in Throwing
  1113 | D:2      | Reached skill level 1 in Armour
  1113 | D:2      | Reached skill level 1 in Stealth
  1113 | D:2      | Reached skill level 1 in Shields
  1113 | D:2      | Reached skill level 1 in Unarmed Combat
  1113 | D:2      | Reached skill level 1 in Evocations
  1121 | D:2      | Noticed Jessica
  1124 | D:2      | Killed Jessica
  1125 | D:2      | Reached XP level 4. HP: 38/38 MP: 11/11
  1172 | D:2      | Reached skill level 1 in Hexes
  1172 | D:2      | Reached skill level 1 in Summonings
  1172 | D:2      | Reached skill level 1 in Necromancy
  1172 | D:2      | Reached skill level 1 in Translocations
  1172 | D:2      | Reached skill level 1 in Transmutations
  1172 | D:2      | Reached skill level 1 in Fire Magic
  1172 | D:2      | Reached skill level 1 in Ice Magic
  1172 | D:2      | Reached skill level 1 in Air Magic
  1172 | D:2      | Reached skill level 1 in Earth Magic
  1172 | D:2      | Reached skill level 1 in Poison Magic
  1829 | D:3      | Identified the +3 buckler of Selib {rElec}
  2100 | D:3      | Reached XP level 5. HP: 43/43 MP: 12/12
  2458 | D:3      | Reached XP level 6. HP: 50/50 MP: 14/14
  2784 | D:4      | Reached skill level 5 in Fighting
  2784 | D:4      | Reached skill level 5 in Dodging
  2999 | D:4      | Reached XP level 7. HP: 55/56 MP: 15/15
  3005 | D:4      | Reached skill level 7 in Axes
  3103 | D:4      | Found a runed translucent door.
  3104 | D:4      | Noticed Crazy Yiuf
  3111 | D:4      | Killed Crazy Yiuf
  3262 | D:5      | Entered Level 5 of the Dungeon
  3434 | D:5      | Found a staircase to the Ecumenical Temple.
  3474 | Temple   | Entered the Ecumenical Temple
  3523 | Temple   | Became a worshipper of Warmaster Okawaru
  3595 | D:5      | Reached XP level 8. HP: 42/63 MP: 16/16
  4662 | D:6      | Reached * piety under Okawaru
  4725 | D:6      | Noticed Edmund
  4746 | D:6      | Killed Edmund
  4813 | D:6      | Noticed Sigmund
  5274 | D:7      | Found a sacrificial altar of Ru.
  5687 | D:7      | Reached XP level 9. HP: 69/69 MP: 18/18
  5933 | D:7      | Reached ** piety under Okawaru
  6272 | D:8      | Noticed a komodo dragon
  6456 | D:8      | Noticed a komodo dragon
  6538 | D:7      | Reached skill level 8 in Axes
  6551 | D:8      | Killed a komodo dragon
  6552 | D:8      | Reached skill level 5 in Invocations
  6558 | D:8      | Slain by a komodo dragon

Illustrated notes

Levels and vault maps discovered:
D:1:      nicolae_arrival_memento_mori, layout_basic, grunt_decor_arrowhead
D:2:      layout_loops_ring, uniq_jessica
D:3:      layout_basic, minmay_misc_feat_ornament, minmay_three_crescents
D:4:      layout_rooms, minmay_crystal_room, minmay_box_of_dots,
          uniq_crazy_yiuf_cottage
D:5:      layout_basic, minmay_temple_entry_drinking_statues, roderic_lattice_a
D:6:      layout_cave_pools, uniq_edmund, uniq_sigmund
D:7:      layout_loops_corners, lemuel_crystal_altar
D:8:      layout_basic, grunt_lair_entry_orc_guard_hut, serial_shops,
          nicolae_square_shop
Temple:   hellmonk_temple_of_storms

Skill      XL: |  1  2  3  4  5  6  7  8  9 |
---------------+----------------------------+-----
Spellcasting   | 5 6 |  6.8
Invocations    | 1 2 3 4 5 |  5.0
Short Blades   | 1 2 3 4 |  4.5
Long Blades    | 1 2 3 4 |  4.5
Maces & Flails | 1 2 3 4 |  4.5
Polearms       | 1 2 3 4 |  4.5
Staves         | 1 2 3 4 |  4.5
Ranged Weapons | 1 2 3 4 |  4.5
Throwing       | 1 2 3 4 |  4.5
Armour         | 1 2 3 4 |  4.5
Stealth        | 1 2 3 4 |  4.5
Shields        | 1 2 3 4 |  4.5
Unarmed Combat | 1 2 3 4 |  4.5
Evocations     | 1 2 3 4 |  4.5
Hexes          | 1 2 3 |  3.7
Summonings     | 1 2 3 |  3.7
Necromancy     | 1 2 3 |  3.7
Translocations | 1 2 3 |  3.7
Transmutations | 1 2 3 |  3.7
Fire Magic     | 1 2 3 |  3.7
Ice Magic      | 1 2 3 |  3.7
Air Magic      | 1 2 3 |  3.7
Earth Magic    | 1 2 3 |  3.7
Poison Magic   | 1 2 3 |  3.7
Fighting       | 5 6 |  6.5
Dodging        | 5 6 |  6.5
Axes           | 7 8 |  8.0
Conjurations   | 6 |  6.7

Action                     |  1- 3 |  4- 6 |  7- 9 || total
---------------------------+-------+-------+-------++-------
  Melee: Hand axe          |    64 |       |       ||    64
         Bite              |     7 |    13 |    29 ||    49
         War axe           |    53 |   215 |   312 ||   580
         Punch             |       |     1 |       ||     1
   Fire: Sling             |       |     1 |       ||     1
 Invoke: Heroism           |       |       |     2 ||     2
    Use: Scroll            |     3 |     6 |    11 ||    20
         Potion            |       |       |     2 ||     2
   Stab: Sleeping          |     2 |       |     3 ||     5
 Armour: Leather armour    |    29 |     3 |    34 ||    66
         Ring mail         |       |    28 |       ||    28
         Chain mail        |       |    63 |    82 ||   145
         Plate armour      |       |       |     2 ||     2
  Dodge: Dodged            |    76 |    64 |   107 ||   247
  Block: Buckler           |       |    49 |   104 ||   153
